 Dungeon Crawl Stone Soup version 0.20.0-14-g326068f (webtiles) character file.

50 QuCean the Firebug (level 3, 0/26 HPs)
             Began as a Draconian Fire Elementalist on June 9, 2017.
             Succumbed to an adder's poison
             ... on level 2 of the Dungeon.
             The game lasted 00:06:55 (1156 turns).

QuCean the Firebug (Draconian Fire Elementalist)    Turns: 1156, Time: 00:06:55

Health: 0/26       AC:  5    Str: 10    XL:     3   Next: 55%
Magic:  3/6        EV: 12    Int: 16    God:
Gold:   57         SH:  0    Dex: 11    Spells: 5/6 levels left

rFire    . . .     SeeInvis .   (no weapon)
rCold    . . .     Gourm    .   (no shield)
rNeg     . . .     Faith    .   (armour unavailable)
rPois    .         Spirit   .   (helmet restricted)
rElec    .         Reflect  .   c - scarf {repulsion}
rCorr    .         Harm     .   (no gloves)
MR       .....                  (no boots)
Stlth    ++........             (no amulet)
Regen    0.1/turn               (no ring)
MPRegen  0.1/turn               (no ring)

@: lethally poisoned (0 -> -5), repel missiles
A: unfitting armour, cold-blooded, AC +5
a: no special abilities


You were on level 2 of the Dungeon.
You were not hungry.

You visited 1 branch of the dungeon, and saw 2 of its levels.

You collected 57 gold pieces.

Inventory:

Armour
 c - a scarf of repulsion (worn)
Scrolls
 g - a scroll of remove curse {unknown}
 h - a scroll of teleportation {unknown}
 k - 3 scrolls of immolation {unknown}
Potions
 e - a potion of resistance {unknown}
 f - 2 potions of haste {unknown}
 i - a potion of heal wounds {unknown}
 j - a potion of degeneration {unknown}
Books
 a - a book of Flames

   Spells                             Type                      Level
   a - Flame Tongue                   Conjuration/Fire             1
   b - Throw Flame                    Conjuration/Fire             2
   c - Conjure Flame                  Conjuration/Fire             3
   d - Inner Flame                    Hexes/Fire                   3
   e - Sticky Flame                   Conjuration/Fire             4
   f - Fireball                       Conjuration/Fire             5
Comestibles
 b - 3 bread rations
 d - 2 chunks of flesh
 l - a meat ration


   Skills:
 + Level 2.1 Dodging
 + Level 1.9 Stealth
 + Level 0.4 Unarmed Combat
 + Level 2.4 Spellcasting
 + Level 1.4 Conjurations
 + Level 3.7 Fire Magic


You had 5 spell levels left.
You knew the following spells:

 Your Spells              Type           Power        Failure   Level  Hunger
a - Flame Tongue          Conj/Fire      ##...        7%          1    #......


Dungeon Overview and Level Annotations

Branches:
Dungeon (2/15)

Altars:


Innate Abilities, Weirdness & Mutations

Your plain brown scales are hard. (AC +5)
You cannot fit into any form of body armour.
You are cold-blooded and may be slowed by cold attacks.


Message History

You closely miss the adder.
The adder is severely wounded.
You feel sick. The adder bites you.
* * * LOW HITPOINT WARNING * * *
The adder bites you but does no damage.
You completely miss the adder.
The adder is severely wounded.
The adder closely misses you.
You hit the adder.
The adder is severely wounded.
* * * LOW HITPOINT WARNING * * *
You feel sick. The adder bites you but does no damage.
You closely miss the adder.
The adder is severely wounded.
The adder bites you.
* * * LOW HITPOINT WARNING * * *
The adder closely misses you.
You barely miss the adder.
The adder is severely wounded.
You die...

#.##.......#..... .
#.##........##+# #.
#.#.........##.# #..##
#.#.#'##'##.##.#####
...?..#.#.#.<.....##......
##..#.#.#.#.........%.....
..........'...............
###...#†###......####.....
##..%.S@#......# #.....
#......#......# #.....
#......#......# ######
##...$.#......# #####
.......#......# #....
.##.##....##+### #.### #
.. +..). #.### ### #....#
#.#.. ##### #.#.#


You could see an adder.

Vanquished Creatures
  2 adders (D:2)
  A giant cockroach (D:1)
  2 goblins
  3 hobgoblins
  6 jackals
  5 kobolds
  A ball python (D:1)
  5 bats
  2 frilled lizards (D:1)
  6 rats (D:1)
33 creatures vanquished.

Notes
Turn   | Place    | Note
-------+----------+-------------------------------------------
     0 | D:1      | QuCean the Draconian Fire Elementalist began the quest for the Orb.
     0 | D:1      | Reached XP level 1. HP: 14/14 MP: 3/3
   248 | D:1      | Reached XP level 2. HP: 20/20 MP: 0/5
  1013 | D:2      | Reached XP level 3. HP: 26/26 MP: 3/6
  1155 | D:2      | HP: 1/26 [adder (4)]
  1156 | D:2      | Succumbed to an adder's poison

Skill      XL: |  1  2 |
---------------+-------+-----
Dodging        | 2 |  2.1
Stealth        | |  1.9
Unarmed Combat | |  0.4
Spellcasting   | |  2.4
Conjurations   | |  1.4
Fire Magic     | |  3.7

Action                   || total
-------------------------++-------
Melee: Unarmed           ||    70
       Tailslap          ||     7
 Cast: Flame Tongue      ||    39
  Use: Scroll            ||     1
  Eat: Chunk             ||     1
Armor: Skin              ||    36
Dodge: Dodged            ||    81
